SAAA
PHOENIX HOTSPUR RESERVES @ TORTOLITA DRUMMERS
05/29/2025
 
TOP OF THE 1ST
Phoenix Hotspur Reserves batting - Pitching for Tortolita Drummers : RHP Harold Taylor
Pitching: RHP Harold Taylor
Batting: RHB David Rivas 0-0: Ground out 5-3 (Groundball, 56)
Batting: RHB Satoshi Terada 0-0: Ball
1-0: Called Strike
1-1: Swinging Strike
1-2: Strikes out swinging
Batting: RHB John Moore 0-0: Ball
1-0: SINGLE (Line Drive, 6MD)
Batting: RHB Shohei Kiyomizu 0-0: TRIPLE (Flyball, 89XD)
John Moore scores
Batting: SHB Roberto López 0-0: Ball
1-0: Ball
2-0: SINGLE (Flyball, 7S)
Shohei Kiyomizu scores
Batting: SHB Jesús González 0-0: Ball
1-0: Ball
2-0: Foul Ball, location: 2F
2-1: Called Strike
2-2: Fielders Choice at 2nd, 6-4 (Groundball, 6)
Top of the 1st over - 2 run(s), 3 hit(s), 0 error(s), 0 left on base; Phoenix 2 - Tortolita 0
BOTTOM OF THE 1ST
Tortolita Drummers batting - Pitching for Phoenix Hotspur Reserves : RHP Prince Nakamura
Pitching: RHP Prince Nakamura
Batting: SHB Juan Blanco 0-0: Ball
1-0: Ball
2-0: Foul Ball, location: 2F
2-1: Foul Ball, location: 2F
2-2: Foul Ball, location: 2F
2-2: Foul Ball, location: 2F
2-2: Foul Ball, location: 2F
2-2: Foul Ball, location: 2F
2-2: Ground out U3 (Groundball, 34)
Batting: RHB Kevin Sanderson 0-0: Ball
1-0: Foul Ball, location: 2F
1-1: Foul Ball, location: 2F
1-2: Strikes out swinging
Batting: LHB Adrián Franco 0-0: SINGLE (Flyball, 8RS)
Batting: RHB Stephen Blair 0-0: Ball
1-0: Foul Ball, location: 2F
1-1: Fly out, F9 (Flyball, 9S)
Bottom of the 1st over - 0 run(s), 1 hit(s), 0 error(s), 1 left on base; Phoenix 2 - Tortolita 0
TOP OF THE 2ND
Phoenix Hotspur Reserves batting - Pitching for Tortolita Drummers : RHP Harold Taylor
Batting: RHB Jesús Mejía 0-0: Ball
1-0: Fly out, F8 (Flyball, 8RS)
Batting: RHB Hiwahikeiki Noelani 0-0: Ball
1-0: Ball
2-0: Called Strike
2-1: Ground out 6-3 (Groundball, 6)
Batting: RHB Jesús Álvarez 0-0: Foul Ball, location: 2F
0-1: Ball
1-1: Foul Ball, location: 2F
1-2: Strikes out swinging
Top of the 2nd over - 0 run(s), 0 hit(s), 0 error(s), 0 left on base; Phoenix 2 - Tortolita 0
BOTTOM OF THE 2ND
Tortolita Drummers batting - Pitching for Phoenix Hotspur Reserves : RHP Prince Nakamura
Batting: LHB Rick Harrison 0-0: Foul Ball, location: 2F
0-1: Ground out 1-3 (Groundball, 13S)
Batting: RHB Álex Hernández 0-0: Foul Ball, location: 2F
0-1: Ball
1-1: Ball
2-1: Called Strike
2-2: Foul Ball, location: 2F
2-2: Ground out 5-3 (Groundball, 56S)
Batting: LHB Mitchell Hansen 0-0: Ball
1-0: Ball
2-0: Fly out, F8 (Flyball, 78XD)
Bottom of the 2nd over - 0 run(s), 0 hit(s), 0 error(s), 0 left on base; Phoenix 2 - Tortolita 0
TOP OF THE 3RD
Phoenix Hotspur Reserves batting - Pitching for Tortolita Drummers : RHP Harold Taylor
Batting: RHB David Rivas 0-0: Called Strike
0-1: Foul Ball, location: 2F
0-2: Foul Ball, location: 2F
0-2: Ball
1-2: Foul Ball, location: 2F
1-2: Foul Ball, location: 2F
1-2: Fly out, F9 (Flyball, 9)
Batting: RHB Satoshi Terada 0-0: Ball
1-0: Foul Ball, location: 2F
1-1: Ball
2-1: SOLO HOME RUN (Flyball, 7D), Distance : 346 ft
Batting: RHB John Moore 0-0: Called Strike
0-1: SINGLE (Line Drive, 6MD)
Batting: RHB Shohei Kiyomizu 0-0: Ball
1-0: Ball
John Moore is caught stealing 2nd base
2-0: Foul Ball, location: 2F
2-1: Called Strike
2-2: SOLO HOME RUN (Flyball, 9D), Distance : 387 ft
Batting: SHB Roberto López 0-0: Called Strike
0-1: Ball
1-1: Foul Ball, location: 2F
1-2: Ball
2-2: SINGLE (Line Drive, 9S)
Batting: SHB Jesús González 0-0: Ball
Roberto López steals 2nd base
1-0: Ball
2-0: Swinging Strike
2-1: Swinging Strike
2-2: Ball
3-2: Foul Ball, location: 2F
3-2: Foul Ball, location: 2F
3-2: Base on Balls
Batting: RHB Jesús Mejía 0-0: Called Strike
0-1: Called Strike
0-2: Ball
Wild Pitch!
Roberto López to third
Jesús González to second
1-2: Ground out 4-3 (Groundball, 4)
Top of the 3rd over - 2 run(s), 4 hit(s), 0 error(s), 2 left on base; Phoenix 4 - Tortolita 0
BOTTOM OF THE 3RD
Tortolita Drummers batting - Pitching for Phoenix Hotspur Reserves : RHP Prince Nakamura
Batting: LHB Gonzalo Féliz 0-0: Ball
1-0: Ball
2-0: Called Strike
2-1: Ball
3-1: Fly out, F7 (Flyball, 7LS)
Batting: RHB Santo Alba 0-0: Foul Ball, location: 2F
0-1: Ball
1-1: Ball
2-1: Ball
3-1: Ground out 1-3 (Groundball, 13)
Batting: SHB Juan Blanco 0-0: Called Strike
0-1: SINGLE (Line Drive, 56D)
Batting: RHB Kevin Sanderson 0-0: Ball
1-0: Ball
2-0: Called Strike
2-1: Ball
3-1: Base on Balls
Juan Blanco to second
Batting: LHB Adrián Franco 0-0: Ball
1-0: Foul Ball, location: 2F
1-1: SINGLE (Groundball, 4M) (infield hit)
Juan Blanco to third
Kevin Sanderson to second
Batting: RHB Stephen Blair 0-0: Ball
1-0: Ball
2-0: Foul Ball, location: 2F
2-1: Called Strike
2-2: GRAND SLAM HOME RUN (Flyball, 7LD), Distance : 327 ft
Batting: LHB Rick Harrison 0-0: Called Strike
0-1: Ball
1-1: Fly out, F8 (Flyball, 78S)
Bottom of the 3rd over - 4 run(s), 3 hit(s), 0 error(s), 0 left on base; Phoenix 4 - Tortolita 4
TOP OF THE 4TH
Phoenix Hotspur Reserves batting - Pitching for Tortolita Drummers : RHP Harold Taylor
Batting: RHB Hiwahikeiki Noelani 0-0: Called Strike
0-1: Foul Ball, location: 2F
0-2: Strikes out swinging
Batting: RHB Jesús Álvarez 0-0: Ball
1-0: Fly out, F7 (Flyball, 7LM)
Batting: RHB David Rivas 0-0: Ball
1-0: Ground out 6-3 (Groundball, 6)
Top of the 4th over - 0 run(s), 0 hit(s), 0 error(s), 0 left on base; Phoenix 4 - Tortolita 4
BOTTOM OF THE 4TH
Tortolita Drummers batting - Pitching for Phoenix Hotspur Reserves : RHP Prince Nakamura
Batting: RHB Álex Hernández 0-0: Swinging Strike
0-1: Called Strike
0-2: Strikes out swinging
Batting: LHB Mitchell Hansen 0-0: Ball
1-0: Ball
2-0: Ball
3-0: Called Strike
3-1: Called Strike
3-2: Ground out 5-3 (Groundball, 56S)
Batting: LHB Gonzalo Féliz 0-0: Called Strike
0-1: Called Strike
0-2: Strikes out swinging
Bottom of the 4th over - 0 run(s), 0 hit(s), 0 error(s), 0 left on base; Phoenix 4 - Tortolita 4
TOP OF THE 5TH
Phoenix Hotspur Reserves batting - Pitching for Tortolita Drummers : RHP Harold Taylor
Batting: RHB Satoshi Terada 0-0: Ball
1-0: Ball
2-0: Called Strike
2-1: Foul Ball, location: 2F
2-2: Ground out 6-3 (Groundball, 6)
Batting: RHB John Moore 0-0: Called Strike
0-1: Ball
1-1: Ball
2-1: Swinging Strike
2-2: Ball
3-2: Base on Balls
Batting: RHB Shohei Kiyomizu 0-0: Ball
1-0: Foul Ball, location: 2F
1-1: Called Strike
1-2: Fly out, F9 (Flyball, 9LSF)
Batting: SHB Roberto López 0-0: Ball
Passed Ball!
John Moore to second
1-0: Foul Ball, location: 2F
1-1: Ball
2-1: Fly out, F7 (Flyball, 7S)
Top of the 5th over - 0 run(s), 0 hit(s), 0 error(s), 1 left on base; Phoenix 4 - Tortolita 4
BOTTOM OF THE 5TH
Tortolita Drummers batting - Pitching for Phoenix Hotspur Reserves : RHP Prince Nakamura
Batting: RHB Santo Alba 0-0: Ball
1-0: Ball
2-0: Foul Ball, location: 2F
2-1: Ground out U3 (Groundball, 34)
Batting: SHB Juan Blanco 0-0: Called Strike
0-1: Ball
1-1: Ground out 6-3 (Groundball, 6)
Batting: RHB Kevin Sanderson 0-0: Ball
1-0: Called Strike
1-1: Swinging Strike
1-2: Foul Ball, location: 2F
1-2: Ball
2-2: Foul Ball, location: 2F
2-2: SINGLE (Flyball, 9LS)
Batting: LHB Adrián Franco 0-0: Ball
1-0: Fly out, F9 (Flyball, 9S)
Bottom of the 5th over - 0 run(s), 1 hit(s), 0 error(s), 1 left on base; Phoenix 4 - Tortolita 4
TOP OF THE 6TH
Phoenix Hotspur Reserves batting - Pitching for Tortolita Drummers : RHP Harold Taylor
Batting: SHB Jesús González 0-0: Fly out, F3 (Line Drive, 34)
Batting: RHB Jesús Mejía 0-0: Foul Ball, location: 2F
0-1: Ball
1-1: Ball
2-1: Foul Ball, location: 2F
2-2: Foul Ball, location: 2F
2-2: Ball
3-2: Hit by Pitch
Batting: RHB Hiwahikeiki Noelani 0-0: Called Strike
0-1: Ball
1-1: Ball
2-1: Foul Ball, location: 2F
2-2: Ground out 5-3 (Groundball, 5L)
Jesús Mejía to second
Batting: RHB Jesús Álvarez 0-0: Ball
1-0: Swinging Strike
1-1: Ball
2-1: Ground out 1-3 (Groundball, 15)
Top of the 6th over - 0 run(s), 0 hit(s), 0 error(s), 1 left on base; Phoenix 4 - Tortolita 4
BOTTOM OF THE 6TH
Tortolita Drummers batting - Pitching for Phoenix Hotspur Reserves : RHP Prince Nakamura
Batting: RHB Stephen Blair 0-0: Foul Ball, location: 2F
0-1: Foul Ball, location: 2F
0-2: Ball
1-2: Ground out 5-3 (Groundball, 56S)
Batting: LHB Rick Harrison 0-0: Called Strike
0-1: Ball
1-1: Swinging Strike
1-2: Foul Ball, location: 2F
1-2: Foul Ball, location: 2F
1-2: Ball
2-2: Ground out U3 (Groundball, 34)
Batting: RHB Álex Hernández 0-0: Called Strike
0-1: Swinging Strike
0-2: Ball
1-2: SOLO HOME RUN (Flyball, 78XD), Distance : 414 ft
Batting: LHB Mitchell Hansen 0-0: Ball
1-0: Ball
2-0: Ground out 4-3 (Groundball, 34D)
Bottom of the 6th over - 1 run(s), 1 hit(s), 0 error(s), 0 left on base; Phoenix 4 - Tortolita 5
TOP OF THE 7TH
Phoenix Hotspur Reserves batting - Pitching for Tortolita Drummers : RHP Harold Taylor
Batting: RHB David Rivas 0-0: Single, Error in OF, E8, batter to second base
Batting: RHB Satoshi Terada 0-0: Foul Ball, location: 2F
0-1: Hit by Pitch
Batting: RHB John Moore 0-0: Called Strike
0-1: Ball
1-1: Foul Ball, location: 2F
1-2: Foul Ball, location: 2F
1-2: Ball
2-2: Strikes out swinging
Batting: RHB Shohei Kiyomizu 0-0: Ball
1-0: Foul Ball, location: 2F
1-1: Called Strike
1-2: Ball
2-2: Fly out, F4 (Line Drive, 4M)
Pitching: RHP Luis Cardona
Batting: SHB Roberto López 0-0: Ball
Wild Pitch!
David Rivas to third
Satoshi Terada to second
1-0: Ball
2-0: Called Strike
2-1: Called Strike
2-2: Foul Ball, location: 2F
2-2: Ball
3-2: Base on Balls
Batting: SHB Jesús González 0-0: Ball
1-0: Foul Ball, location: 2F
1-1: Called Strike
1-2: Strikes out looking
Top of the 7th over - 0 run(s), 1 hit(s), 1 error(s), 3 left on base; Phoenix 4 - Tortolita 5
BOTTOM OF THE 7TH
Tortolita Drummers batting - Pitching for Phoenix Hotspur Reserves : RHP Prince Nakamura
Pitching: LHP Jeff Burrell
Batting: LHB Gonzalo Féliz 0-0: Ground out U3 (Groundball, 3)
Batting: RHB Santo Alba 0-0: Ball
1-0: Ball
2-0: Foul Ball, location: 2F
2-1: Fly out, F8 (Flyball, 8RS)
Batting: SHB Juan Blanco 0-0: Called Strike
0-1: Ball
1-1: Ball
2-1: Swinging Strike
2-2: Strikes out swinging
Bottom of the 7th over - 0 run(s), 0 hit(s), 0 error(s), 0 left on base; Phoenix 4 - Tortolita 5
TOP OF THE 8TH
Phoenix Hotspur Reserves batting - Pitching for Tortolita Drummers : RHP Luis Cardona
Pitching: RHP Mike Desmond
Now at 2B: Domingo García
Batting: RHB Jesús Mejía 0-0: Ball
1-0: Swinging Strike
1-1: Foul Ball, location: 2F
1-2: Ball
2-2: Ball
3-2: Ground out 6-3 (Groundball, 6)
Batting: RHB Hiwahikeiki Noelani 0-0: Called Strike
0-1: DOUBLE (Groundball, 5L)
Batting: RHB Jesús Álvarez 0-0: Ball
1-0: Foul Ball, location: 2F
1-1: Called Strike
1-2: Ball
2-2: Ball
3-2: Base on Balls
Batting: RHB David Rivas 0-0: Grounds into double play, 4-6-3 (Groundball, 4M)
Top of the 8th over - 0 run(s), 1 hit(s), 0 error(s), 1 left on base; Phoenix 4 - Tortolita 5
BOTTOM OF THE 8TH
Tortolita Drummers batting - Pitching for Phoenix Hotspur Reserves : LHP Jeff Burrell
Batting: RHB Kevin Sanderson 0-0: Ball
1-0: Ball
2-0: Ball
3-0: Called Strike
3-1: Foul Ball, location: 2F
3-2: Foul Ball, location: 2F
3-2: Foul Ball, location: 2F
3-2: Strikes out swinging
Batting: LHB Adrián Franco 0-0: Ball
1-0: Foul Ball, location: 2F
1-1: Ball
2-1: Ball
3-1: Base on Balls
Batting: RHB Stephen Blair 0-0: Foul Ball, location: 2F
0-1: Foul Ball, location: 2F
0-2: SINGLE (Groundball, 6MD)
Adrián Franco to second
Pinch Hitting: RHB Robby Thomas 0-0: Ground out 5-3 (Groundball, 56S)
Adrián Franco to third
Stephen Blair to second
Batting: RHB Álex Hernández 0-0: Ball
1-0: 3-RUN HOME RUN (Line Drive, 78XD), Distance : 398 ft
Batting: LHB Mitchell Hansen 0-0: Ball
1-0: Ground out 6-3 (Groundball, 56)
Bottom of the 8th over - 3 run(s), 2 hit(s), 0 error(s), 0 left on base; Phoenix 4 - Tortolita 8
TOP OF THE 9TH
Phoenix Hotspur Reserves batting - Pitching for Tortolita Drummers : RHP Mike Desmond
Pitching: RHP Pedro Figueroa
Now in RF: Francisco Torres
Batting: RHB Satoshi Terada 0-0: Called Strike
0-1: Swinging Strike
0-2: Ball
1-2: Foul Ball, location: 2F
1-2: Strikes out looking
Batting: RHB John Moore 0-0: Ball
1-0: Ball
2-0: Called Strike
2-1: Called Strike
2-2: Ground out 4-3 (Groundball, 4)
Batting: RHB Shohei Kiyomizu 0-0: Called Strike
0-1: Called Strike
0-2: Strikes out swinging
Top of the 9th over - 0 run(s), 0 hit(s), 0 error(s), 0 left on base; Phoenix 4 - Tortolita 8
Friday, December 30th, 2016 - OOTP Baseball 17.12 Build 75